 Dungeon Crawl Stone Soup version 0.32-a0-996-gb3226c2 (webtiles) character file.

Game seed: 18296675782880011564

710502 Kosidy the Executioner (level 27, -1/227 HPs)
             Began as a Demonspawn Gladiator on Apr 21, 2024.
             Was an Initiate of Gozag.
             Killed by divine providence
             ... invoked by a smoke demon
              (14 damage)
             ... in Pandemonium on Apr 23, 2024.
             The game lasted 06:18:24 (85451 turns).

Kosidy the Executioner (Demonspawn Gladiator)      Turns: 85451, Time: 06:18:25

Health: -1/227     AC: 35    Str: 26    XL:     27
Magic:  45/45      EV: 20    Int: 16    God:    Gozag
Gold:   8020       SH: 25    Dex: 19    Spells: 32/63 levels left

rFire   + + +        X - +9 broad axe (heavy)
rCold   + . .        i - +5 kite shield {AC+3}
rNeg    . . .        J - +2 ring mail of the Comet {rF+ Will+ Str+2}
rPois   +            T - +3 crown of Dyrovepreva {rElec Int+2 SInv}
rElec   +            Z - scarf {rC+ rF+}
rCorr   .            (gloves unavailable)
SInv    +            R - +2 pair of boots {Fly}
Will    +++..        L - amulet of regeneration
Stlth   ++++         N - ring of the Raven {rF+ Str+4 Dex+3 Slay+4}
HPRegen 1.37/turn    W - ring of the Disturbing Ships {^Drain rPois AC+4 Dex+2}
MPRegen 0.29/turn

%: no passive effects
@: gold aura, flying, studying 2 skills
A: claws 3, molten scales 3, icemail 2, spiny 3, condensation shield, corrupting
presence 2, word of chaos, clumsy 2, sense surroundings 1, poison resistance,
shaggy fur 1, inability to read after injury 1
}: 5/15 runes: decaying, serpentine, silver, abyssal, demonic
a: Word of Chaos, Renounce Religion, Potion Petition, Call Merchant, Bribe
Branch


You were in Pandemonium.
You worshipped Gozag.
Gozag was greatly pleased with you.
You visited 10 branches of the dungeon, and saw 46 of its levels.
You visited Pandemonium 1 time, and saw 2 of its levels.
You visited the Abyss 23 times.
You visited 2 bazaars.
You also visited: Trove, Ossuary, Gauntlet and Ice Cave.

You collected 36038 gold pieces.
You spent 7040 gold pieces at shops.
You paid 20978 gold pieces to Gozag.

Inventory:

Hand Weapons
 g - a +4 broad axe of freezing
 j - a +3 broad axe of electrocution
 o - a +8 sacred scourge of holy wrath
 x - a +3 scimitar of flaming
 F - the +7 sceptre of Torment {pain, torment}
   (You found it on level 3 of the Crypt)
 X - a +9 heavy broad axe (weapon)
Missiles
 d - 6 throwing nets
Armour
 i - a +5 kite shield of protection (worn)
 J - the +2 ring mail of the Comet (worn) {rF+ Will+ Str+2}
   (You found it on level 15 of the Dungeon)

   Str+2:     It affects your strength (+2).
   rF+:       It protects you from fire.
   Will+:     It increases your willpower.
 P - a +3 kite shield of reflection
 R - a +2 pair of boots of flying (worn)
 T - the +3 crown of Dyrovepreva (worn) {rElec Int+2 SInv}
   (You bought it in a shop on level 15 of the Dungeon)

   Int+2:     It affects your intelligence (+2).
   rElec:     It insulates you from electricity.
   SInv:      It lets you see invisible.
 Z - a scarf of resistance (worn)
Jewellery
 e - the ring "Vittuvasa" {rC+ rCorr}
   (You found it in a Gauntlet)

   [ring of protection from cold]

   rC+:       It protects you from cold.
   rCorr:     It protects you from acid and corrosion.
 f - a +5 ring of evasion
 m - an amulet of magic regeneration
 E - a ring of wizardry
 L - an amulet of regeneration (around neck)
 N - the ring of the Raven (left claw) {rF+ Str+4 Dex+3 Slay+4}
   (You took it off an ironbound convoker on level 5 of the Vaults)

   [ring of slaying]

   Str+4:     It affects your strength (+4).
   Dex+3:     It affects your dexterity (+3).
   Slay+4:    It affects your accuracy & damage with ranged weapons and melee
   (+4).
   rF+:       It protects you from fire.
 W - the ring of the Disturbing Ships (right claw) {^Drain rPois AC+4 Dex+2}
   (You bought it in a shop on level 3 of the Snake Pit)

   [ring of protection]

   AC+4:      It affects your AC (+4).
   Dex+2:     It affects your dexterity (+2).
   rPois:     It protects you from poison.
   ^Drain:    It drains your maximum health when unequipped.
Wands
 u - a wand of digging (32)
 K - a wand of flame (112)
 V - a wand of acid (44)
 Y - a wand of warping (42)
Scrolls
 a - 2 scrolls of silence
 p - 5 scrolls of revelation
 q - 2 scrolls of enchant weapon
 r - 12 scrolls of amnesia
 s - a scroll of brand weapon
 t - 4 scrolls of fog
 y - 10 scrolls of teleportation
 D - 4 scrolls of blinking
 G - a scroll of fear
 H - 6 scrolls of enchant armour
 Q - 2 scrolls of butterflies
Potions
 b - 2 potions of berserk rage
 h - 2 potions of magic
 k - 8 potions of attraction
 l - 6 potions of enlightenment
 n - 5 potions of brilliance
 v - 5 potions of haste
 z - 4 potions of mutation
 A - 18 potions of curing
 B - 5 potions of cancellation
 C - 7 potions of heal wounds
 I - 4 potions of might
 M - a potion of ambrosia
 S - 2 potions of invisibility
 U - 3 potions of resistance
Miscellaneous
 c - a lightning rod (4/4)
 w - a Gell's gravitambourine (2/2)
 O - a phantom mirror


   Skills:
 + Level 20.8 Fighting
 + Level 21.3(21.7) Axes
 + Level 7.4(15.7) Maces & Flails
 + Level 2.0 Throwing
 + Level 10.9 Armour
 + Level 15.8 Dodging
 - Level 10.2 Stealth
 + Level 20.1 Shields
 * Level 18.6 Spellcasting
 + Level 14.7 Summonings
 + Level 16.1 Necromancy
 + Level 0.1 Translocations
 - Level 10.2 Ice Magic
 - Level 3.7 Alchemy
 + Level 1.1 Evocations


You had 32 spell levels left.
You knew the following spells:

 Your Spells              Type           Power      Damage    Failure   Level
a - Death Channel         Necr           30%        N/A       1%          6
b - Fugue of the Fallen   Necr           60%        N/A       1%          3
c - Haunt                 Necr/Summ      29%        N/A       10%         7
d - Eringya's Noxious Bo  Alch           13%        4d6       91%         6
e - Blink                 Tloc           30%        N/A       9%          2
f - Rimeblight            Ice/Necr       27%        2d6       (prima24%   7

Your spell library contained the following spells:

 Spells                   Type           Power      Damage    Failure   Level
 Sublimation of Blood     Necr           60%        N/A       0%          2
 Kiss of Death            Conj/Necr      100%       2d13      1%          1
 Call Imp                 Summ           100%       N/A       1%          2
 Cigotuvi's Dreadful Rot  Necr/Alch/Air  72%        N/A       1%          2
 Ensorcelled Hibernation  Hex/Ice        62%        N/A       1%          2
 Call Canine Familiar     Summ           58%        N/A       1%          3
 Ozocubu's Armour         Ice            47%        N/A       1%          3
 Summon Ice Beast         Ice/Summ       53%        N/A       1%          3
 Vampiric Draining        Necr           60%        2d10      1%          3
 Martyr's Knell           Necr/Summ      59%        N/A       1%          4
 Hailstorm                Conj/Ice       31%        3d8       2%          3
 Anguish                  Hex/Necr       20%        N/A       2%          4
 Summon Cactus Giant      Summ           29%        N/A       2%          6
 Animate Armour           Summ/Erth      76%        N/A       3%          4
 Summon Lightning Spire   Summ/Air       38%        N/A       3%          4
 Apportation              Tloc           30%        N/A       6%          1
 Magic Dart               Conj           56%        1d5       6%          1
 Slow                     Hex            56%        N/A       6%          1
 Borgnjor's Vile Clutch   Necr/Erth      20%        N/A       6%          5
 Lesser Beckoning         Tloc           30%        N/A       9%          2
 Summon Forest            Summ/Tloc      19%        N/A       9%          5
 Summon Mana Viper        Hex/Summ       38%        N/A       9%          5
 Jinxbite                 Hex            28%        N/A       10%         2
 Momentum Strike          Conj/Tloc      30%        3d8       10%         2
 Searing Ray              Conj           28%        2d5       10%         2
 Mephitic Cloud           Conj/Alch/Air  18%        N/A       12%         3
 Monstrous Menagerie      Summ           29%        N/A       13%         7
 Summon Hydra             Summ           29%        N/A       13%         7
 Olgreb's Toxic Radiance  Alch           26%        N/A       14%         4
 Confusing Touch          Hex            14%        N/A       19%         3
 Dazzling Flash           Conj/Hex       28%        N/A       19%         3
 Inner Flame              Hex/Fire       14%        N/A       19%         3
 Maxwell's Portable Pile  Tloc           15%        2d(6-18)  19%         3
 Sigil of Binding         Hex            14%        N/A       19%         3
 Tukima's Dance           Hex            14%        N/A       19%         3
 Volatile Blastmotes      Fire/Tloc      30%        2d12      19%         3
 Fulminant Prism          Conj/Alch      10%        3d8       28%         4
 Ignite Poison            Fire/Alch      20%        N/A       28%         4
 Petrify                  Alch/Erth      20%        N/A       28%         4
 Sticky Flame             Fire/Alch      20%        2d6       28%         4
 Alistair's Intoxication  Alch           17%        N/A       36%         5
 Freezing Cloud           Conj/Ice/Air   12%        6-21      41%         5
 Sculpt Simulacrum        Ice/Alch       18%        N/A       50%         6
 Borgnjor's Revivificati  Necr           30%        N/A       50%         8
 Dimensional Bullseye     Hex/Tloc       7%         N/A       52%         4
 Iskenderun's Mystic Bla Conj/Tloc 15%            2d5        (+2d2     52%         4
 Passage of Golubria      Tloc           15%        N/A       52%         4
 Brom's Barrelling Bould  Conj/Erth      14%        2d4       54%         4
 Cause Fear               Hex            7%         N/A       54%         4
 Flame Wave               Conj/Fire      14%        2d6       54%         4
 Ozocubu's Refrigeration  Ice            23%        4d12      61%         7
 Irradiate                Conj/Alch      10%        3d15      63%         5
 Yara's Violent Unravell  Hex/Alch       10%        3d6       63%         5
 Permafrost Eruption      Ice/Erth       15%        2x4d4     75%         6
 Arcjolt                  Conj/Air       7%         1d17      87%         5
 Fireball                 Conj/Fire      7%         3d5       87%         5
 Iskenderun's Battlesphe  Conj           14%        2d7       87%         5
 Lee's Rapid Deconstruct  Erth           7%         3d6*      87%         5
 Silence                  Hex/Air        7%         N/A       87%         5
 Spellforged Servitor     Conj/Summ      19%        N/A       95%         7
 Bombard                  Conj/Erth      7%         9d2       100%        6
 Conjure Ball Lightning   Conj/Air       7%         3x3d6     100%        6
 Gell's Gavotte           Tloc           7%         2d(14-21) 100%        6
 Starburst                Conj/Fire      7%         6d4       100%        6
 Enfeeble                 Hex            7%         N/A       100%        7
 Manifold Assault         Tloc           7%         N/A       100%        7
 Orb of Destruction       Conj           7%         9d6       100%        7
 Discord                  Hex            7%         N/A       100%        8
 Fulsome Fusillade        Conj/Alch      10%        (3-5)d6   100%        8
 Ignition                 Fire           7%         3d4       100%        8
 Lehudib's Crystal Spear  Conj/Erth      7%         10d3      100%        8
 Maxwell's Capacitive Co  Air            7%         ∞         100%        8
 Death's Door             Necr           30%        N/A       100%        9
 Fire Storm               Conj/Fire      7%         8d2       100%        9
 Polar Vortex             Ice            23%        12d3*     100%        9


Dungeon Overview and Level Annotations

Branches:
Dungeon (15/15)            Temple (1/1) D:5            Lair (5/5) D:10
  Swamp (4/4) Lair:2        Snake (4/4) Lair:3        Slime (0/5) Lair:5
    Orc (2/2) D:10            Elf (3/3) Orc:2        Vaults (5/5) D:14
  Crypt (3/3) Vaults:3       Tomb (0/3) Crypt:3      Depths (4/4) D:15
    Zot (0/5) Depths:4    Ossuary (visited)           IceCv (visited)
Gauntlet (visited)

Altars:
Ashenzari
Cheibriados
Dithmenos
Fedhas
Gozag
Hepliaklqana
Kikubaaqudgha
Makhleb
Nemelex Xobeh
Okawaru
Qazlal
Ru
Sif Muna
Trog
Uskayaw
Vehumet
Wu Jian
Xom
Yredelemnul
Jiyva

Shops:
D:1 *   D:2 !   D:5 *   D:8 (   D:9 *   D:13 [   D:15 *=([   Orc:2 *=!(
Elf:2 [   Elf:3 [   Lair:2 ::?   Snake:2 *   Snake:3 =::   Vaults:4 :=(
Depths:1 :   Depths:2 [[[   Depths:3 ([[=(

Portals:
Hell: Depths:1 Depths:2 Depths:3 Depths:4
Abyss: Depths:3
Pandemonium: Depths:1 Depths:2
Ziggurat: Depths:1

Annotations:
D:13 Rupert
Lair:2 exclusion: oklob plant
Lair:4 exclusion: oklob plant
Swamp:1 Mlioglotl
Vaults:3 Saint Roka


Innate Abilities, Weirdness & Mutations

You have claws for hands.
You are completely covered in molten scales. (AC +4, rF+)
A meltable icy envelope protects you from harm. (AC +8)
You are completely covered in sharp spines.
A meltable shield of frost defends you. (SH +4)
Your presence sometimes corrodes or deforms those you injure.
You can speak a Word of Chaos.
You are very clumsy. (Dex -4)
You passively map a small area around you.
Your system is resistant to poisons. (rPois)
You are covered in fur. (AC +1)
You occasionally lose the ability to read scrolls when taking damage.


Message History

Unknown command.
You slash the Ice Fiend!
The Ice Fiend is heavily wounded.
The Ice Fiend calls on the powers of darkness!
Your body is wracked with pain!
* * * LOW HITPOINT WARNING * * *
Unknown command.
Unknown command.
You feel much better. You block the Ice Fiend's attack.
The Ice Fiend claws you but does no damage.
Unknown command.
You open the Ice Fiend like a pillowcase!!!
The Ice Fiend is almost dead.
You hear a roar!
You block the Ice Fiend's attack. x2
Unknown command.
Unknown command.
You barely miss the Ice Fiend.
The Ice Fiend is almost dead.
The smoke demon gestures at you. Something smites you!
* * * LOW HITPOINT WARNING * * *
The Ice Fiend completely misses you. The Ice Fiend claws you.
* * * LOW HITPOINT WARNING * * *
The Ice Fiend freezes you!! You resist.
* * * LOW HITPOINT WARNING * * *
You carve the Ice Fiend like a ham!!!
You kill the Ice Fiend!
Unknown command.
The smoke demon gestures at you. You block the pyre arrow.
The smoke demon gestures at you. Something smites you!
* * * LOW HITPOINT WARNING * * *
There is a gate leading out of Pandemonium here.
Unknown command.
The smoke demon gestures at you. Something smites you!
You die...
Your body crumbles into a pile of gold.

#.........# #.........#
#.........# #.........###
#...........#
..).........##### ###
............#...#######.##
##..........#............#
#)###.....^....@........#
##.###.#...3.............#
..........$##............#
.#.......3.############..#
.........#.############..#
.....###.......##........#
....##*1...###.....###..##
....# .....# #.....##...#
...∩##.......#.....##.#.#


You could see a smoke demon.

Vanquished Creatures
  An ancient lich (Vaults:3)
  A dread lich (Vaults:5)
  Mennas (Depths:4)
  Josephina (Crypt:2)
  Bai Suzhen (Swamp:4)
  4 caustic shrikes (Depths:4)
  13 bone dragons
  4 golden dragons
  2 profane servitors
  4 Tzitzimimeh (Pan)
  A pearl dragon (Abyss:3)
  A shard shrike zombie (Abyss:4)
  A hellephant (Depths:3)
  11 tentacled monstrosities
  A walking earthen tome (Depths:3)
  2 Ice Fiends (Pan)
  12 liches
  A shard shrike skeleton (Crypt:1)
  2 deep elf master archers (Elf:3)
  A walking divine tome (Depths:4)
  9 titans
  40 tentacled starspawn
  2 ancient champions (Crypt:2)
  An Executioner (Pan)
  3 deep elf blademasters
  3 quicksilver dragons
  A kraken (Abyss:4)
  2 sphinxes
  8 shadow dragons
  3 thorn hunters
  3 tengu reavers
  Roxanne (Swamp:3)
  3 demonspawn warmongers (Pan)
  6 fire giants
  Aizul (Swamp:1)
  3 frost giants
  A nagaraja (Snake:3)
  A draconian monk (Abyss:1)
  7 revenants
  A pandemonium lord (Pan)
  4 iron dragons
  A daeva (Abyss:4)
  5 deep elf sorcerers
  2 draconian scorchers
  12 vault wardens
  5 deep elf elementalists
  3 angels
  4 ghouls
  2 curse skulls
  2 spriggan defenders (Depths:3)
  3 balrugs
  A draconian stormcaller (Abyss:1)
  2 formless jellyfish
  A juggernaut zombie (Abyss:3)
  3 demonspawn corrupters (Pan)
  4 cacodemons
  2 orc warlords (Vaults:3)
  2 demonspawn blood saints (Pan)
  A caustic shrike skeleton (Crypt:3)
  2 reapers
  39 very ugly things
  3 ironbound thunderhulks
  15 ironbound preservers
  2 juggernaut skeletons
  13 stone giants
  A starflower (Abyss:4)
  A yellow draconian (Depths:4)
  2 green draconians
  2 white draconians
  12 deep elf death magi
  8 deep elf annihilators
  8 spark wasps
  2 demonspawn black suns (Pan)
  5 lorocyprocas
  3 vampire knights
  11 eleionomae
  2 dire elephants
  A black draconian (Depths:4)
  9 war gargoyles
  A minotaur (Gauntlet)
  2 purple draconians
  10 deep elf demonologists
  5 bunyips
  An eidolon (Abyss:4)
  5 crystal guardians
  4 blizzard demons (Pan)
  5 green deaths
  4 jiangshi
  19 ettins
  5 fire dragons
  4 deep elf high priests
  11 great orbs of eyes
  5 salamander tyrants
  2 entropy weavers
  7 yaktaur captains
  22 hydras
  6 peacekeepers
  An entropy weaver (shapeshifter) (D:15)
  Harold (D:10)
  A catoblepas (D:13)
  9 ice dragons
  A hell beast (Pan)
  15 rakshasas
  2 alligators (Swamp:2)
  2 ghost crabs
  38 vault guards
  5 boulder beetles
  10 ironbound frosthearts
  4 spriggan skeletons
  2 spriggan air magi
  5 ogre magi
  2 death knights
  12 anacondas
  30 dancing weapons
  27 two-headed ogres
  9 death yaks
  4 deep troll shamans
  A two-headed ogre (shapeshifter) (Vaults:5)
  11 centaur warriors
  3 tengu warriors
  16 hell hogs
  2 titan zombies
  A quicksilver ooze zombie (Crypt:1)
  5 demonic crawlers
  5 spriggan berserkers
  21 naga warriors
  5 deep troll earth magi
  6 shock serpents
  2 occultists (Abyss:4)
  11 hell knights
  3 vampire magi
  13 naga sharpshooters
  29 thrashing horrors
  2 orc high priests
  6 soul eaters
  10 sun demons
  8 iron trolls
  31 wretched stars
  2 salamander mystics (Snake:4)
  26 skeletal warriors
  19 deep elf knights
  A skyshark (Lair:4)
  A storm dragon skeleton (Crypt:3)
  7 goliath frogs
  4 sea snakes (Snake:3)
  6 shadow wraiths
  4 flayed ghosts
  An orb spider (Abyss:4)
  3 deep elf archers
  9 glowing orange brains
  A bunyip zombie (Abyss:1)
  12 sixfirhies
  3 spatial maelstroms
  3 arcanists
  3 spriggan druids
  The ghost of bochi the Chiller, a novice OnIE (D:6)
  3 swamp dragons
  9 naga ritualists
  A mana viper (shapeshifter) (D:15)
  13 mana vipers
  42 deep trolls
  An orange crystal statue (Depths:2)
  4 bog bodies
  2 obsidian bats (Abyss:1)
  A fenstrider witch simulacrum (Crypt:2)
  2 shadow demons
  A golden dragon skeleton (Depths:3)
  10 necromancers
  An iron giant skeleton (Crypt:3)
  4 lindwurms (Vaults:3)
  20 ironbound convokers
  A goliath frog zombie (Crypt:2)
  8 phantasmal warriors
  A thermic dynamo (Elf:1)
  30 deep elf pyromancers
  An alligator zombie (Crypt:2)
  21 deep elf zephyrmancers
  An eleionoma zombie (Crypt:1)
  69 large abominations
  10 orc knights
  6 orc sorcerers
  24 ugly things
  8 harpies
  A wolf spider (shapeshifter) (Abyss:4)
  A wolf spider zombie (D:15)
  3 manticores
  11 salamanders
  The ghost of sasameki the Destroyer, a novice BaCj (D:5)
  9 will-o-the-wisps
  12 worldbinders
  11 nameless horrors
  A shadow dragon skeleton (Depths:3)
  A moth of wrath (shapeshifter) (Abyss:3)
  13 elephants
  5 meliai (Abyss:3)
  4 cyclopes
  A frost giant skeleton (Depths:2)
  3 human skeletons (Vaults:1)
  An ice statue (IceCv)
  A faun (shapeshifter) (Vaults:5)
  7 kobold blastminers
  An elf zombie (Vaults:1)
  8 apocalypse crabs
  22 naga magi
  A black mamba (shapeshifter) (Abyss:3)
  32 black mambas
  A fire giant skeleton (Depths:2)
  3 rust devils
  6 orange demons
  25 smoke demons
  A dire elephant zombie (Crypt:3)
  An alligator snapping turtle zombie (Crypt:3)
  19 cane toads
  A torpor snail (Lair:4)
  18 vault sentinels
  3 gargoyles
  6 guardian serpents
  11 yaktaurs
  5 unseen horrors
  Maggie (D:10)
  4 hellions
  A naga skeleton (Crypt:3)
  5 kobold demonologists
  4 efreet
  2 rime drakes
  12 komodo dragons
  14 ice devils
  2 anaconda simulacra (IceCv)
  11 freezing wraiths
  4 tormentors
  A harpy zombie (Abyss:4)
  2 tengu conjurers
  24 ancient zymes
  3 silent spectres (Abyss:4)
  6 hellwings
  2 harpy skeletons
  13 tyrant leeches
  7 trolls
  3 polar bears
  A red devil (Abyss:4)
  A queen bee (Abyss:3)
  A bloated husk (Swamp:2)
  8 dream sheep
  51 blink frogs
  9 hornets
  A jumping spider zombie (Crypt:1)
  90 raiju
  2 glass eyes
  47 slime creatures
  7 air elementals
  5 vampires
  A fire giant simulacrum (Vaults:1)
  20 ynoxinuls
  5 centaur simulacra
  10 spriggans
  A spriggan (shapeshifter) (D:11)
  2 water elementals
  35 yaks
  7 wyverns
  A guardian serpent skeleton (Crypt:2)
  A shadow (D:12)
  7 humans (D:14)
  A hog (shapeshifter) (Elf:2)
  3 dire elephant simulacra (IceCv)
  A tyrant leech zombie (Crypt:1)
  114 starcursed masses
  A black mamba skeleton (Crypt:3)
  A human (shapeshifter) (D:15)
  9 wraiths
  A basilisk (shapeshifter) (Abyss:4)
  Eustachio (D:5)
  6 basilisks
  23 neqoxecs
  3 steam dragons
  3 fire elementals
  27 chaos spawn
  14 vampire mosquitoes
  4 swamp worm simulacra (Swamp:4)
  2 wargs
  A glowing shapeshifter zombie (Depths:2)
  5 death yak simulacra (IceCv)
  4 spatial vortices
  18 swamp worms
  58 nagas
  4 harpy simulacra
  14 water moccasins
  Duvessa (D:7)
  19 hydra simulacra
  2 acid dragons
  3 ice beasts
  21 orc warriors
  A sky beast (D:8)
  56 laughing skulls
  A black bear (Lair:4)
  A lindwurm skeleton (Crypt:1)
  39 ogres
  24 wolves
  A boggart (D:11)
  5 centaurs
  A blink frog skeleton (Crypt:2)
  7 kobold brigands
  2 phantoms
  20 bullfrogs
  13 weeping skulls
  7 brain worms
  3 gnoll sergeants
  A two-headed ogre simulacrum (IceCv)
  2 cane toad simulacra (IceCv)
  An earth elemental (Elf:1)
  5 scorpions
  44 small abominations
  15 wights
  A wyvern skeleton (Crypt:1)
  A hornet simulacrum (Gauntlet)
  7 killer bees
  Dowan (D:7)
  2 elephant simulacra (IceCv)
  A shapeshifter skeleton (Crypt:2)
  2 howler monkeys
  6 electric eels
  3 jellies
  4 quasits
  9 centaur zombies
  12 orc priests
  3 bombardier beetles
  2 hounds
  2 sleepcaps (D:7)
  A gnoll bouda (D:7)
  Crazy Yiuf (D:2)
  6 iron imps
  2 boggart zombies (D:15)
  6 iguanas
  21 orc wizards
  6 polar bear simulacra (IceCv)
  A spriggan simulacrum (IceCv)
  A naga zombie (Crypt:1)
  5 wolf simulacra (IceCv)
  3 crocodile zombies (Ossuary)
  A mummy (Ossuary)
  22 gnolls
  A howler monkey skeleton (Crypt:2)
  8 adders
  A naga simulacrum (IceCv)
  A shadow imp (D:5)
  8 white imps
  11 ufetubi
  4 swamp drake simulacra (Swamp:4)
  An adder zombie (Crypt:1)
  A lava snake skeleton (Crypt:2)
  2 dart slugs
  A ribbon worm (D:5)
  68 orcs
  6 endoplasms
  2 giant cockroaches (D:3)
  7 goblins
  4 hobgoblins
  13 jackals
  23 kobolds
  5 quokkas
  11 ball pythons
  5 bats
  3 frilled lizards
  5 gnoll zombies (Ossuary)
  A goblin zombie (Crypt:1)
  2 kobold zombies (Ossuary)
  A quokka zombie (Crypt:1)
  6 rats (D:3)
  A rat zombie (Crypt:2)
  2 lurking horrors
  42 starspawn tentacles
  3 tentacles (Abyss:4)
2931 creatures vanquished.

Vanquished Creatures (collateral kills)
  2 ancient liches
  Sojobo (Crypt:2)
  2 caustic shrikes (Depths:4)
  A golden dragon (Depths:4)
  Jory (Crypt:3)
  3 tentacled monstrosities
  A lich (Crypt:3)
  Asterion (Depths:2)
  A titan (Vaults:2)
  3 tengu reavers
  2 sphinxes (Depths:3)
  2 shadow dragons (Depths:3)
  Donald (Swamp:4)
  4 vault wardens
  A fire giant (Depths:1)
  4 ironbound preservers
  A formless jellyfish (Vaults:1)
  8 stone giants
  A vampire knight (Crypt:3)
  A draconian annihilator (Depths:4)
  An ironbound thunderhulk (Vaults:1)
  A lorocyproca (Pan)
  A deep elf demonologist (Vaults:2)
  A spark wasp (Depths:1)
  A war gargoyle (Crypt:3)
  A deep elf annihilator (Vaults:5)
  3 ettins
  3 yaktaur captains
  2 rakshasas
  An ice dragon (Depths:3)
  4 centaur warriors
  A peacekeeper (Vaults:4)
  2 vault guards (Vaults:5)
  2 great orbs of eyes
  2 ironbound frosthearts
  A hell beast (Depths:2)
  A spriggan air mage (Depths:3)
  2 ogre magi
  2 two-headed ogres (Vaults:5)
  2 deep troll shamans (Depths:3)
  2 deep troll earth magi (Depths:3)
  A hell knight (Crypt:3)
  A deep elf knight (Elf:2)
  4 skeletal warriors
  A wretched star (Abyss:3)
  2 deep elf archers (Elf:2)
  4 iron trolls
  A salamander mystic (Depths:4)
  A golden dragon zombie (Depths:4)
  14 deep trolls
  A glowing orange brain (Depths:3)
  3 arcanists
  An orc knight (Vaults:3)
  4 ironbound convokers
  A lindwurm (Vaults:3)
  3 harpies
  3 deep elf zephyrmancers (Elf:2)
  A golden dragon skeleton (Depths:3)
  A phantasmal warrior (Vaults:5)
  A fire giant zombie (Depths:3)
  A necromancer (Depths:3)
  9 ugly things
  A salamander (shapeshifter) (Vaults:5)
  3 vault sentinels
  2 salamanders
  A slime creature (Vaults:4)
  2 smoke demons (Pan)
  A hellion (Depths:2)
  An orange demon (Pan)
  5 yaktaurs
  A freezing wraith (Vaults:5)
  A fire dragon zombie (Crypt:3)
  A blink frog (shapeshifter) (Vaults:5)
  A vampire (Vaults:3)
  A swamp worm (shapeshifter) (Depths:4)
  An orc warrior (Vaults:5)
  3 ogres (Vaults:5)
  2 laughing skulls (Crypt:2)
  3 starcursed masses (Abyss:3)
165 creatures vanquished.

Vanquished Creatures (others)
  A nagaraja (Snake:4)
  A hydra (Swamp:4)
  A vault guard (D:14)
  A deep elf knight (Elf:1)
  A thrashing horror (Abyss:4)
  A salamander mystic (Snake:3)
  2 deep elf pyromancers
  A black mamba (Snake:1)
  A large abomination (Abyss:3)
  10 bloated husks
  A tyrant leech (Swamp:2)
  2 raiju (Abyss:4)
  2 golden eyes (Abyss:4)
  A vampire mosquito (Swamp:2)
  5 chaos spawn
  A steam dragon (Abyss:3)
  2 neqoxecs (Abyss:4)
  2 harpy simulacra (Crypt:2)
  A black bear (Abyss:3)
  A weeping skull (Abyss:4)
  2 small abominations
  A quasit (Abyss:4)
  An orc priest (Vaults:3)
  2 gnolls (D:8)
  2 orcs
  44 foxfires
  4 lurking horrors (Abyss:4)
  71 starspawn tentacles
  12 tentacles (Abyss:4)
177 creatures vanquished.

Grand Total: 3273 creatures vanquished

Notes
Turn   | Place    | Note
-------+----------+-------------------------------------------
     0 | D:1      | Kosidy the Demonspawn Gladiator began the quest for the
                  | Orb.
     0 | D:1      | Reached XP level 1. HP: 16/16 MP: 1/1
    83 | D:1      | Gained mutation: You have sharp fingernails. [demonic
                  | ancestry]
    83 | D:1      | Reached XP level 2. HP: 12/22 MP: 2/2
   180 | D:1      | Found Gacymoar's General Store.
   802 | D:2      | Reached XP level 3. HP: 28/28 MP: 3/3
  1239 | D:2      | Found a faded altar of an unknown god.
  1302 | D:2      | Found Estogaow's Distillery.
  1427 | D:2      | Found a runed translucent door.
  1428 | D:2      | Noticed Crazy Yiuf
  1436 | D:2      | Killed Crazy Yiuf
  1557 | D:3      | Reached XP level 4. HP: 34/34 MP: 4/4
  1694 | D:3      | Reached skill level 1 in Armour
  1694 | D:3      | Reached skill level 1 in Stealth
  1694 | D:3      | Found a sacrificial altar of Ru.
  1871 | D:3      | Gained mutation: You are partially covered in sharp spines.
                  | [demonic ancestry]
  1871 | D:3      | Reached XP level 5. HP: 7/39 MP: 5/5
  1983 | D:3      | You fall into a shaft and drop 2 floors!
  1983 | D:5      | Entered Level 5 of the Dungeon
  2011 | D:5      | Found a runed translucent gate.
  2011 | D:5      | Found a runed translucent gate.
  2140 | D:3      | Found a stormy altar of Qazlal.
  2299 | D:3      | Gained mutation: You have very sharp fingernails. [demonic
                  | ancestry]
  2299 | D:3      | Reached XP level 6. HP: 47/47 MP: 6/6
  3430 | D:5      | Found a staircase to the Ecumenical Temple.
  3436 | Temple   | Entered the Ecumenical Temple
  3453 | D:5      | Found a runed translucent gate.
  3545 | D:5      | Reached skill level 5 in Maces & Flails
  3566 | D:5      | Noticed sasameki's ghost (novice BaCj)
  3569 | D:5      | Reached XP level 7. HP: 27/52 MP: 7/7
  3669 | D:5      | Found Yttaufa's Assorted Antiques.
  3739 | D:5      | Found a basalt altar of Yredelemnul.
  3741 | D:5      | Noticed a profane servitor
  3827 | D:5      | Noticed Eustachio
  4085 | D:5      | Gained mutation: You are partially covered in molten
                  | scales. (AC +2) [demonic ancestry]
  4085 | D:5      | Reached XP level 8. HP: 59/60 MP: 8/8
  4230 | D:5      | Killed Eustachio
  4298 | D:6      | Found a runed translucent door.
  4658 | D:6      | Found a hide-covered altar of Uskayaw.
  4667 | D:6      | Reached skill level 5 in Dodging
  4745 | D:6      | Noticed bochi's ghost (novice OnIE)
  5547 | D:7      | Reached skill level 1 in Axes
  5605 | D:7      | Gained mutation: You have claws for hands. [demonic
                  | ancestry]
  5605 | D:7      | Reached XP level 9. HP: 65/66 MP: 9/9
  5673 | D:7      | Noticed Dowan
  5675 | D:7      | Noticed Duvessa
  5700 | D:7      | Killed Dowan
  5705 | D:7      | Killed Duvessa
  5832 | D:7      | Reached skill level 2 in Axes
  5843 | D:7      | Found a sand-covered staircase.
  5852 | Ossuary  | Entered an ossuary
  6342 | D:7      | Reached skill level 3 in Axes
  6400 | D:7      | Reached skill level 5 in Fighting
  6410 | D:7      | Reached skill level 4 in Axes
  6669 | D:8      | Found a sparkling altar of Nemelex Xobeh.
  6820 | D:8      | Reached skill level 5 in Stealth
  6837 | D:8      | Found Cij Ranu's Weapon Shoppe.
  7006 | D:8      | Found a broken altar of Ashenzari.
  7024 | D:8      | Noticed a two-headed ogre
  7040 | D:8      | Killed a two-headed ogre
  7041 | D:8      | Reached skill level 5 in Axes
  7041 | D:8      | Gained mutation: A meltable shield of frost defends you.
                  | (SH +4) [demonic ancestry]
  7041 | D:8      | Reached XP level 10. HP: 53/74 MP: 10/10
  7156 | D:8      | Found a blossoming altar of Fedhas.
  7472 | D:8      | Found a shadowy altar of Dithmenos.
  8027 | D:9      | Found Gozag's Platinum Reserve.
  8027 | D:9      | Found an opulent altar of Gozag.
  8049 | D:9      | Became a worshipper of Gozag Ym Sagoz the Greedy
  8109 | D:9      | Found a shimmering blue altar of Sif Muna.
  8195 | D:9      | Reached skill level 6 in Axes
  8892 | D:9      | Found a snail-covered altar of Cheibriados.
  8917 | D:9      | Paralysed by a hornet for 1 turns
  9170 | D:10     | Entered Level 10 of the Dungeon
  9191 | D:10     | Found a staircase to the Orcish Mines.
  9238 | D:10     | Reached skill level 1 in Shields
  9267 | D:10     | Noticed Maggie
  9299 | D:10     | Killed Maggie
  9300 | D:10     | Reached skill level 7 in Axes
  9647 | D:10     | Found a staircase to the Lair.
  9670 | D:10     | Reached skill level 5 in Armour
  9726 | D:10     | Gained mutation: A meltable icy envelope protects you from
                  | harm. (AC +8) [demonic ancestry]
  9726 | D:10     | Reached XP level 11. HP: 49/83 MP: 11/11
 10060 | D:1      | Bought the +8 hand axe of Change {flame, rPois Will+ rCorr}
                  | for 745 gold pieces
 10589 | D:10     | Noticed Harold
 10609 | D:10     | Killed Harold
 10759 | D:11     | Reached skill level 8 in Axes
 11006 | D:11     | Noticed a tengu warrior
 11615 | D:11     | Killed a tengu warrior
 11740 | D:11     | Reached skill level 9 in Axes
 11922 | Lair:1   | Entered Level 1 of the Lair of Beasts
 11988 | Lair:1   | Noticed a death yak
 11994 | Lair:1   | Noticed a death yak
 11994 | Lair:1   | Noticed a death yak
 11995 | Lair:1   | Noticed a death yak
 12017 | Lair:1   | Killed a death yak
 12018 | Lair:1   | Noticed a death yak
 12033 | Lair:1   | Killed a death yak
 12043 | Lair:1   | Killed a death yak
 12062 | Lair:1   | Killed a death yak
 12075 | Lair:1   | Killed a death yak
 12076 | Lair:1   | Reached skill level 10 in Axes
 12081 | Lair:1   | Reached XP level 12. HP: 33/92 MP: 12/12
 13023 | Lair:2   | Reached skill level 1 in Spellcasting
 13222 | Lair:2   | Reached skill level 11 in Axes
 13316 | Lair:2   | Identified the granite talisman of Caisoola {Dex+5 Stlth-}
 13726 | Lair:2   | Found a staircase to the Swamp.
 13871 | Lair:2   | Noticed a death yak
 13872 | Lair:2   | Noticed a death yak
 13909 | Lair:2   | Killed a death yak
 14002 | Lair:2   | Killed a death yak
 14085 | Lair:2   | Noticed a death yak
 14086 | Lair:2   | Noticed a death yak
 14117 | Lair:2   | Killed a death yak
 14128 | Lair:2   | Killed a death yak
 14690 | Lair:3   | Gained mutation: A meltable icy envelope protects you from
                  | harm. (AC +8) [demonic ancestry]
 14690 | Lair:3   | Reached XP level 13. HP: 100/100 MP: 17/17
 15171 | Lair:3   | Reached skill level 12 in Axes
 15852 | Lair:3   | Found a staircase to the Snake Pit.
 17056 | Lair:4   | Reached skill level 5 in Spellcasting
 17604 | Lair:5   | Entered Level 5 of the Lair of Beasts
 17855 | Lair:5   | Reached skill level 13 in Axes
 17880 | Lair:5   | Gained mutation: You are mostly covered in sharp spines.
                  | [demonic ancestry]
 17880 | Lair:5   | Reached XP level 14. HP: 53/109 MP: 22/22
 18058 | Lair:5   | Reached skill level 5 in Shields
 18152 | Lair:5   | Found a viscous altar of Jiyva.
 18158 | Lair:5   | Found a staircase to the Slime Pits.
 18390 | Lair:5   | Reached skill level 10 in Fighting
 19539 | Lair:5   | Identified the staff of the Forgotten Mouths {^Drain Str+2
                  | Int+2 Dex+3 Conj}
 19832 | Orc:1    | Entered Level 1 of the Orcish Mines
 19917 | Orc:2    | Entered Level 2 of the Orcish Mines
 21129 | Orc:2    | Found a staircase to the Elven Halls.
 21505 | Orc:2    | Reached skill level 14 in Axes
 21661 | Orc:2    | Gained mutation: You are mostly covered in molten scales.
                  | (AC +3) [demonic ancestry]
 21661 | Orc:2    | Reached XP level 15. HP: 116/117 MP: 24/26
 21747 | Orc:2    | Reached skill level 10 in Dodging
 21761 | Orc:2    | Found Ponettapn's Weapon Shoppe.
 21761 | Orc:2    | Found Useipex's Jewellery Shop.
 21782 | Orc:2    | Found Ycvek's Distillery.
 21782 | Orc:2    | Found Funoxzo's Assorted Antiques.
 21872 | Orc:2    | Bought a potion of curing for 39 gold pieces
 21872 | Orc:2    | Bought a potion of heal wounds for 65 gold pieces
 21872 | Orc:2    | Bought a potion of berserk rage for 65 gold pieces
 22293 | D:1      | Bought a scroll of acquirement for 572 gold pieces
 22293 | D:1      | Acquired the +8 Wrath of Trog {antimagic, *Rage Rampage}
 22293 | D:1      | Found the +8 Wrath of Trog {antimagic, *Rage Rampage}
 22441 | D:1      | Bought a scroll of fear for 44 gold pieces
 22441 | D:1      | Bought a scroll of identify for 22 gold pieces
 22505 | D:2      | Bought a potion of experience for 500 gold pieces
 22505 | D:2      | Bought a potion of mutation for 80 gold pieces
 22611 | D:5      | Bought a bloodstained buckler for 199 gold pieces
 22611 | D:5      | Identified the +0 buckler "Laetron" {-Tele rPois Str+5}
                  | (You bought it in a shop on level 5 of the Dungeon)
 22613 | D:5      | Bought a scroll of teleportation for 63 gold pieces
 22613 | D:5      | Bought a scroll of identify for 42 gold pieces
 22613 | D:5      | Bought a scroll of teleportation for 63 gold pieces
 22864 | D:12     | Found a frozen archway.
 22877 | D:12     | Found a gate leading to a gauntlet.
 22930 | Gauntlet | Entered a Gauntlet
 22930 | Gauntlet | Found a transporter.
 22936 | Gauntlet | Found a transporter.
 22948 | Gauntlet | Found a transporter.
 22953 | Gauntlet | Found a transporter.
 22957 | Gauntlet | Found a transporter.
 22981 | Gauntlet | Found a transporter.
 22991 | Gauntlet | Found a transporter.
 22999 | Gauntlet | Found a runed translucent door.
 23001 | Gauntlet | Found a transporter.
 23003 | Gauntlet | Found a runed translucent door.
 23015 | Gauntlet | Found a transporter.
 23026 | Gauntlet | Found a transporter.
 23028 | Gauntlet | Found a transporter.
 23049 | Gauntlet | Found a transporter.
 23134 | Gauntlet | Found a transporter.
 23231 | Gauntlet | Identified the ring "Vittuvasa" {rC+ rCorr}
 23298 | Gauntlet | Got the Catalogue of Doom
 23311 | IceCv    | Entered an ice cave
 23937 | IceCv    | Found an ancient bone altar of Kikubaaqudgha.
 24834 | IceCv    | Identified the ring "Eptug" {rC+ rN+}
 26165 | D:13     | Noticed Rupert
 26320 | D:13     | Found Gelaer's Antique Armour Emporium.
 27242 | D:14     | Found the +5 Lochaber axe {reach-cleave, Poleaxe ^Drain}
 27333 | D:14     | Found a sparkling altar of Nemelex Xobeh.
 27392 | D:14     | Reached XP level 16. HP: 111/127 MP: 28/28
 27818 | D:14     | Found a gate to the Vaults.
 27893 | D:15     | Entered Level 15 of the Dungeon
 28812 | D:15     | Identified the +2 ring mail of the Comet {rF+ Will+ Str+2}
 28970 | D:15     | Found Xevofag's General Store.
 29166 | D:15     | Reached skill level 15 in Axes
 29362 | D:15     | Found a staircase to the Depths.
 29582 | D:15     | Bought the +3 crown of Dyrovepreva {rElec Int+2 SInv} for
                  | 1035 gold pieces
 29582 | D:15     | Found the +3 crown of Dyrovepreva {rElec Int+2 SInv}
 29614 | D:15     | Bought a pair of warped boots for 237 gold pieces
 29614 | D:15     | Identified the +0 pair of boots "Pus Yruziru" {Str+3} (You
                  | bought it in a shop on level 15 of the Dungeon)
 29850 | D:5      | Bought a glowing war axe for 136 gold pieces
 30207 | Swamp:1  | Entered Level 1 of the Swamp
 30225 | Swamp:1  | Identified the serpent talisman of the Ecumenical Temple
                  | {rF- Str+3 Stlth+}
 30225 | Swamp:1  | Noticed Aizul
 30249 | Swamp:1  | Killed Aizul
 30689 | Swamp:1  | Noticed a thorn hunter
 30768 | Swamp:1  | Killed a thorn hunter
 31022 | Swamp:1  | Noticed Mlioglotl
 31524 | Swamp:2  | Noticed a thorn hunter
 31536 | Swamp:2  | Killed a thorn hunter
 31575 | Swamp:2  | Noticed a tentacled monstrosity
 31601 | Swamp:2  | Killed a tentacled monstrosity
 31780 | Swamp:2  | Reached skill level 10 in Spellcasting
 32166 | Swamp:2  | Reached skill level 10 in Shields
 33131 | Swamp:2  | Gained mutation: You are completely covered in molten
                  | scales. (AC +4, rF+) [demonic ancestry]
 33131 | Swamp:2  | Reached XP level 17. HP: 87/135 MP: 31/31
 33441 | Swamp:3  | Noticed Roxanne
 34548 | Swamp:3  | Killed Roxanne
 34811 | Swamp:4  | Entered Level 4 of the Swamp
 34964 | Swamp:4  | Identified the dragon-blood talisman of Terror {rCorr Str-3
                  | Int+4 Slay+3}
 34964 | Swamp:4  | Noticed Bai Suzhen
 35124 | Swamp:4  | Killed Bai Suzhen
 35125 | Swamp:4  | Reached skill level 1 in Evocations
 35817 | Swamp:4  | Noticed Donald
 36051 | Swamp:4  | Killed Donald
 36343 | Swamp:4  | Noticed a tentacled monstrosity
 36367 | Swamp:4  | Killed a tentacled monstrosity
 36510 | Swamp:4  | Reached skill level 16 in Axes
 36898 | Swamp:4  | Got a decaying rune of Zot
 36908 | Swamp:4  | Identified the +5 hand axe of the Puffball {antimagic,
                  | ^Fragile Int+6 Dex+2}
 37364 | Lair:2   | Bought a scroll of identify for 28 gold pieces
 37364 | Lair:2   | Bought a scroll of identify for 28 gold pieces
 37364 | Lair:2   | Bought a scroll of identify for 28 gold pieces
 37364 | Lair:2   | Bought a scroll of blinking for 105 gold pieces
 37364 | Lair:2   | Bought a scroll of teleportation for 42 gold pieces
 37371 | Lair:2   | Acquired 1113 gold pieces
 37374 | Lair:2   | Bought a book of Wicked Creation for 576 gold pieces
 37381 | Lair:2   | Learned a level 6 spell: Death Channel
 37452 | Snake:1  | Entered Level 1 of the Snake Pit
 37571 | Snake:1  | Reached skill level 1 in Necromancy
 37710 | Snake:1  | Reached skill level 5 in Necromancy
 37710 | Snake:1  | Reached XP level 18. HP: 143/143 MP: 33/33
 38931 | Snake:2  | Found Ciasa's Assorted Antiques.
 38935 | Snake:2  | Found Wodys's Distillery.
 38952 | Snake:2  | Bought a scroll labelled YVY YXZUKKANOO for 35 gold pieces
 39289 | Snake:3  | Reached XP level 19. HP: 150/150 MP: 34/34
 39766 | Snake:3  | Found Putail's Book Shop.
 39805 | Snake:3  | Found Veytun's Book Shop.
 39837 | Snake:3  | Found Dubut's Jewellery Shoppe.
 39849 | Snake:3  | Bought the ring of the Disturbing Ships {^Drain rPois AC+4
                  | Dex+2} for 549 gold pieces
 39922 | Snake:3  | Learned a level 3 spell: Fugue of the Fallen
 40361 | Snake:4  | Entered Level 4 of the Snake Pit
 41106 | Snake:4  | Identified the +5 trident of the Hairy God {freeze, rC+
                  | Will+}
 41691 | Snake:4  | Got a serpentine rune of Zot
 42072 | Elf:1    | Entered Level 1 of the Elven Halls
 42096 | Elf:1    | Found a radiant altar of Vehumet.
 42679 | Elf:1    | HP: 3/146 [deep elf knight/+0 short sword (15)]
 42812 | Elf:1    | Reached XP level 20. HP: 130/159 MP: 36/36
 42872 | Elf:1    | Got the Verses on Calling
 43046 | Elf:1    | Paralysed by an air elemental for 1 turns
 43049 | Elf:1    | Paralysed by an air elemental for 1 turns
 43161 | Elf:2    | Identified the +2 robe "Hoph" {^Drain rC- rN+++ Slay+2}
 43320 | Elf:2    | Found a transporter.
 43322 | Elf:2    | Found Qexzuym's Armour Boutique.
 43473 | Elf:2    | Found a transporter.
 43748 | Elf:2    | Found a runed translucent gate.
 43748 | Elf:2    | Found a runed translucent gate.
 43748 | Elf:2    | Found a runed translucent gate.
 43837 | Elf:3    | Entered Level 3 of the Elven Halls
 43882 | Elf:3    | Identified the +0 robe of Duty {rN+ Will+ Dex-3}
 44174 | Elf:3    | Found Emewesch's Armour Shop.
 44703 | Elf:3    | Identified the +5 rapier "Joghocre" {speed, rF+ Will+
                  | Dex+3}
 44996 | Elf:3    | Identified the amulet "Giankaobek" {rF+ RegenMP+}
 44997 | Elf:3    | Paralysed by an air elemental for 1 turns
 45252 | Elf:3    | Paralysed by an air elemental for 1 turns
 45255 | Elf:3    | Paralysed by an air elemental for 1 turns
 45260 | Elf:3    | Paralysed by an air elemental for 1 turns
 45266 | Elf:3    | Paralysed by an air elemental for 1 turns
 45401 | Elf:3    | Identified the +13 plate armour of Demons {rElec Str+3
                  | Int+6}
 45614 | Elf:3    | Reached skill level 10 in Necromancy
 45831 | Elf:3    | Found the +0 pair of gloves of the gadgeteer {Gadgeteer
                  | Wandboost ^Fragile}
 45848 | Elf:3    | Reached skill level 10 in Stealth
 45858 | Elf:3    | Got the Encyclopedia of Sanguinary Translocation
 45862 | Elf:3    | Got the Directory of Hyperborean Ensorcelling
 45864 | Elf:3    | Got Vyfig's Catalogue of Cryomancy and the Tempest
 45871 | Elf:3    | Identified the +0 helmet "Koecs" {rN++ rCorr Str+2}
 45935 | Elf:3    | Got Job Ger's Atlas of Sinister Flames
 46054 | Elf:3    | Upgraded the game from 0.32-a0-938-g40ac7a0 to
                  | 0.32-a0-995-gb4a5920
 46062 | Elf:3    | Learned a level 7 spell: Haunt
 46383 | Vaults:1 | Entered Level 1 of the Vaults
 46391 | Vaults:1 | Learned a level 6 spell: Eringya's Noxious Bog
 46483 | Vaults:1 | Reached skill level 17 in Axes
 46492 | Vaults:1 | Reached skill level 1 in Summonings
 46545 | Vaults:1 | Reached skill level 1 in Alchemy
 46989 | Vaults:1 | Acquired a +2 heavy broad axe
 47121 | Vaults:1 | Reached skill level 15 in Fighting
 47883 | Vaults:2 | Reached XP level 21. HP: 156/168 MP: 30/38
 48723 | Vaults:2 | Identified the +1 ring mail "Wutas" {-Tele rPois Str+2
                  | Dex+4}
 48724 | Vaults:2 | Identified the +0 leather armour of Ethics {rC+ Regen+
                  | Int+3}
 48734 | Vaults:2 | Identified the staff of the Hierophant {rF+ Will+ Str+4
                  | Fire}
 48736 | Vaults:2 | Identified the +2 mace of Enormous Duty {elec, rElec Will++
                  | Stlth-}
 49217 | Vaults:3 | Noticed an ancient lich
 49223 | Vaults:3 | Killed an ancient lich
 49386 | Vaults:3 | Reached skill level 5 in Summonings
 49489 | Vaults:3 | Noticed Saint Roka
 50158 | Vaults:3 | Found a staircase to the Crypt.
 50829 | Vaults:4 | Found Jesk's Book Shop.
 51032 | Vaults:4 | Gained mutation: Your presence sometimes corrodes those you
                  | injure. [demonic ancestry]
 51032 | Vaults:4 | Reached XP level 22. HP: 98/176 MP: 40/40
 51582 | Vaults:4 | Identified the ring "Ysubufol" {rCorr Dex+4}
 52152 | Vaults:5 | Entered Level 5 of the Vaults
 52271 | Vaults:4 | Learned a level 2 spell: Blink
 52281 | Vaults:4 | Reached skill level 18 in Axes
 52348 | Vaults:5 | Noticed a golden dragon
 52704 | Vaults:4 | Killed a golden dragon
 53663 | Vaults:5 | Identified the +8 flail "Ipood" {chaos, rN++ SInv}
 54716 | Vaults:5 | Reached skill level 15 in Shields
 54729 | Vaults:5 | Gained mutation: You are completely covered in sharp
                  | spines. [demonic ancestry]
 54729 | Vaults:5 | Reached XP level 23. HP: 166/169 MP: 36/41
 54796 | Vaults:5 | Identified the +9 shortbow "Vuacokitoq" {flame, rF+ rC+
                  | SInv}
 54826 | Vaults:5 | Identified the +3 chain mail "Ijaynap" {Stlth+}
 55008 | Vaults:5 | Noticed a dread lich
 55014 | Vaults:5 | Paralysed by a dread lich for 2 turns
 55019 | Vaults:5 | Killed a dread lich
 55319 | Vaults:5 | Reached skill level 15 in Spellcasting
 55812 | Vaults:5 | Identified the ring of the Raven {rF+ Str+4 Dex+3 Slay+4}
 55872 | Vaults:5 | Identified the ring "Yplifid" {rPois rC- rN+ Will+ Str+3
                  | Dex+2}
 56258 | Vaults:5 | Identified the staff of Hik Kilo {rF+ Dex+2 Fire}
 56306 | Vaults:5 | Identified the +1 chain mail "Xorune" {rC+ Int+3 Dex+5}
 56308 | Vaults:5 | Got a silver rune of Zot
 56453 | Vaults:5 | Got the Thoughts on the Band
 56696 | Crypt:1  | Entered Level 1 of the Crypt
 57331 | Crypt:1  | Identified the +1 helmet of Mipiulam {Int+3 SInv}
 57710 | Crypt:2  | Identified the ring of Moral Flaws {Ice ^Drain Will++ Int+2
                  | SInv}
 57710 | Crypt:2  | Noticed Josephina
 57715 | Crypt:2  | Reached skill level 10 in Summonings
 57835 | Crypt:2  | Killed Josephina
 58358 | Crypt:2  | Identified the storm talisman "Guod" {rF+ rN+ Str-3 Dex+3}
 58358 | Crypt:2  | Noticed Sojobo
 58373 | Crypt:2  | Killed Sojobo
 59269 | Crypt:3  | Entered Level 3 of the Crypt
 59823 | Crypt:3  | Noticed Jory
 59856 | Crypt:3  | Killed Jory
 60455 | Crypt:3  | Reached skill level 19 in Axes
 60615 | Crypt:3  | Found an ancient bone altar of Kikubaaqudgha.
 60616 | Crypt:3  | Noticed an ancient lich
 60623 | Crypt:3  | Killed an ancient lich
 60624 | Crypt:3  | Reached XP level 24. HP: 109/187 MP: 30/42
 60714 | Crypt:3  | Found the +7 sceptre of Torment {pain, torment}
 60756 | Crypt:3  | Identified the +5 glaive "Fyamp" {flame, Fly Will+ Str+3}
 61237 | Crypt:3  | Found a staircase to the Tomb.
 61604 | Depths:1 | Entered Level 1 of the Depths
 61649 | Depths:1 | Reached skill level 1 in Ice Magic
 61793 | Depths:1 | Found a gateway to Hell.
 61858 | Depths:1 | Found a one-way gateway to a ziggurat.
 61966 | Depths:1 | Found Ciesch's Book Shop.
 62119 | Depths:1 | Found a one-way gate leading to the halls of Pandemonium.
 62612 | Depths:1 | Found a portal to a secret trove of treasure.
 63037 | Depths:2 | Reached skill level 10 in Armour
 63150 | Depths:2 | Reached skill level 5 in Ice Magic
 63206 | Depths:2 | Found a hazy altar of Hepliaklqana.
 63238 | Depths:2 | Found a flickering gateway to a bazaar.
 63257 | Bazaar   | Entered a bazaar
 63271 | Bazaar   | Found Couroamn's Antique Weapon Emporium.
 63271 | Bazaar   | Found Weergh's Jewellery Emporium.
 63272 | Bazaar   | Found Maorphe's Distillery.
 63302 | Bazaar   | Found Hocofi's General Store.
 63310 | Bazaar   | Bought a potion of heal wounds for 50 gold pieces
 63697 | Depths:2 | Noticed Asterion
 63698 | Depths:2 | Identified the +0 scale mail of Curiosity {Dex+2 Slay+2}
 63703 | Depths:2 | Killed Asterion
 64245 | Depths:3 | Found Jayvvuul's Weapon Shop.
 64342 | Depths:3 | Found a flickering gateway to a bazaar.
 64346 | Bazaar   | Entered a bazaar
 64349 | Bazaar   | Found Wuvim's Antique Armour Emporium.
 64350 | Bazaar   | Found Balupt's General Store.
 64456 | Bazaar   | Found Efohicaed's Antique Armour Shoppe.
 64456 | Bazaar   | Found Podel's Weapon Emporium.
 64476 | Bazaar   | Bought a scroll of revelation for 105 gold pieces
 65331 | Depths:3 | Paralysed by a sphinx for 5 turns
 65362 | Depths:3 | Identified the +1 chain mail "Jeabbos" {*Slow rElec Str+3
                  | Int+4}
 65474 | Depths:3 | Found Zaemm's Antique Armour Boutique.
 65480 | Depths:3 | Bought a jewelled ring mail for 207 gold pieces
 65480 | Depths:3 | Identified the +2 ring mail of Tolucol {Dex+2} (You bought
                  | it in a shop on level 3 of the Depths)
 65541 | Depths:3 | Noticed an ancient lich
 65840 | Depths:2 | Learned a level 7 spell: Rimeblight
 65863 | Depths:3 | Paralysed by a vampire knight for 3 turns
 66051 | Depths:3 | Found Ilaucy's Weapon Emporium.
 66100 | Depths:3 | Found Pupt's Jewellery Boutique.
 66396 | Depths:3 | Found a one-way gate to the infinite horrors of the Abyss.
 66708 | Depths:3 | Killed an ancient lich
 66833 | Depths:4 | Entered Level 4 of the Depths
 66849 | Depths:4 | Gained mutation: Your presence sometimes corrodes or
                  | deforms those you injure. [demonic ancestry]
 66849 | Depths:4 | Reached XP level 25. HP: 187/188 MP: 32/42
 66925 | Depths:4 | Found a gate to the Realm of Zot.
 67295 | Depths:1 | You paid a toll of 7 scrolls of fear to enter a treasure
                  | trove
 67296 | Trove    | Entered a treasure trove
 67304 | Trove    | Identified the +0 quarterstaff "Zuugifoy" {venom, Dex+3}
 67305 | Trove    | Identified the +3 hand axe of Ru, Dancing {speed, *Noise
                  | rElec Str+4}
 67307 | Trove    | Identified the +6 war axe "Woat" {drain, rN+}
 67310 | Trove    | Identified the +7 longbow of Spores {drain, Stlth+}
 67313 | Trove    | Identified the +2 hand axe of Conscience {distort, Str+5}
 67314 | Trove    | Identified the +1 war axe "Kosidy's Death" {heavy, +Blink}
 67361 | Depths:1 | Upgraded the game from 0.32-a0-995-gb4a5920 to
                  | 0.32-a0-996-gb3226c2
 67731 | Depths:4 | Identified the orb of Indecent Exposure {light, rPois
                  | Str+4}
 67731 | Depths:4 | Noticed Frederick
 67972 | Depths:4 | Killed Frederick
 68243 | Depths:4 | Identified the +4 tower shield "Jepp" {Int+4}
 68243 | Depths:4 | Noticed Mennas
 68257 | Depths:4 | Killed Mennas
 68801 | Depths:2 | Bought a bloodstained ring mail for 351 gold pieces
 68801 | Depths:2 | Identified the +1 ring mail of the Worm {Str+6} (You bought
                  | it in a shop on level 2 of the Depths)
 69023 | Lair:2   | Bought a scroll of enchant weapon for 105 gold pieces
 69225 | D:15     | Bought a scroll of enchant weapon for 150 gold pieces
 69444 | D:6      | Killed bochi's ghost
 69490 | D:5      | Killed sasameki's ghost
 69806 | Elf:2    | Reached skill level 10 in Ice Magic
 70680 | Depths:3 | Voluntarily entered the Abyss.
 70944 | Abyss:1  | Found a corrupted altar of Lugonu.
 70946 | Abyss:1  | Found a corrupted altar of Lugonu.
 70946 | Abyss:1  | Found a corrupted altar of Lugonu.
 71425 | Depths:3 | Escaped the Abyss
 71577 | Depths:3 | Voluntarily entered the Abyss.
 71709 | Abyss:1  | Identified the maw talisman of the Will of the Gods {Str+4
                  | Int+5 Stlth-}
 72061 | Abyss:1  | Gained mutation: You possess an exceptional clarity of
                  | mind. [a neqoxec]
 72393 | Depths:3 | Escaped the Abyss
 72395 | Depths:3 | Voluntarily entered the Abyss.
 72542 | Abyss:2  | Found a corrupted altar of Lugonu.
 72548 | Depths:3 | Escaped the Abyss
 72550 | Depths:3 | Voluntarily entered the Abyss.
 72819 | Abyss:3  | Reached XP level 26. HP: 210/213 MP: 43/43
 72974 | Abyss:3  | Found a corrupted altar of Lugonu.
 73205 | Abyss:3  | Found a corrupted altar of Lugonu.
 73260 | Abyss:3  | Found a corrupted altar of Lugonu.
 73450 | Abyss:3  | Found a corrupted altar of Lugonu.
 73473 | Abyss:3  | Gained mutation: You are frail. (-10% HP) [a neqoxec]
 73513 | Depths:3 | Escaped the Abyss
 73615 | Depths:3 | Voluntarily entered the Abyss.
 73692 | Abyss:3  | Reached skill level 20 in Axes
 73860 | Depths:3 | Escaped the Abyss
 75000 | Depths:3 | Voluntarily entered the Abyss.
 75108 | Abyss:3  | Found a corrupted altar of Lugonu.
 75126 | Abyss:3  | Found a corrupted altar of Lugonu.
 75126 | Abyss:3  | Found a transporter.
 75146 | Abyss:3  | Found a transporter.
 75313 | Abyss:3  | Found a corrupted altar of Lugonu.
 75313 | Abyss:3  | Found a transporter.
 75449 | Abyss:3  | Found a transporter.
 75453 | Abyss:3  | Found a corrupted altar of Lugonu.
 75500 | Depths:3 | Escaped the Abyss
 77542 | Depths:3 | Voluntarily entered the Abyss.
 77593 | Depths:3 | Escaped the Abyss
 77595 | Depths:3 | Voluntarily entered the Abyss.
 77761 | Abyss:3  | Paralysed by accursed screaming for 1 turns
 77961 | Depths:3 | Escaped the Abyss
 78035 | Depths:3 | Voluntarily entered the Abyss.
 78217 | Abyss:3  | Found a corrupted altar of Lugonu.
 78266 | Abyss:3  | Paralysed by accursed screaming for 1 turns
 78271 | Abyss:3  | Paralysed by accursed screaming for 1 turns
 78282 | Abyss:3  | Paralysed by accursed screaming for 2 turns
 78407 | Depths:3 | Escaped the Abyss
 78540 | Depths:3 | Voluntarily entered the Abyss.
 78540 | Abyss:3  | Found a corrupted altar of Lugonu.
 78557 | Depths:3 | Escaped the Abyss
 78559 | Depths:3 | Voluntarily entered the Abyss.
 78569 | Abyss:3  | Found a corrupted altar of Lugonu.
 78598 | Abyss:3  | Found a corrupted altar of Lugonu.
 78626 | Depths:3 | Escaped the Abyss
 78628 | Depths:3 | Voluntarily entered the Abyss.
 78641 | Depths:3 | Escaped the Abyss
 78643 | Depths:3 | Voluntarily entered the Abyss.
 78703 | Depths:3 | Escaped the Abyss
 78705 | Depths:3 | Voluntarily entered the Abyss.
 78715 | Abyss:3  | Found a corrupted altar of Lugonu.
 78839 | Abyss:3  | Reached skill level 15 in Dodging
 79259 | Abyss:3  | Paralysed by accursed screaming for 1 turns
 79264 | Depths:3 | Escaped the Abyss
 79441 | Depths:3 | Voluntarily entered the Abyss.
 79484 | Abyss:4  | Found a corrupted altar of Lugonu.
 79615 | Abyss:4  | Got an abyssal rune of Zot
 79713 | Abyss:4  | Gained mutation: You can speak a Word of Chaos. [demonic
                  | ancestry]
 79713 | Abyss:4  | Reached XP level 27. HP: 165/194 MP: 44/44
 79800 | Depths:3 | Escaped the Abyss
 79854 | Depths:3 | Voluntarily entered the Abyss.
 79871 | Abyss:4  | Found a bloodstained altar of Trog.
 79889 | Abyss:4  | Found a corrupted altar of Lugonu.
 80016 | Abyss:4  | Found a corrupted altar of Lugonu.
 80175 | Depths:3 | Escaped the Abyss
 81101 | Depths:3 | Voluntarily entered the Abyss.
 81135 | Depths:3 | Escaped the Abyss
 81151 | Depths:3 | Voluntarily entered the Abyss.
 81170 | Depths:3 | Escaped the Abyss
 81172 | Depths:3 | Voluntarily entered the Abyss.
 81172 | Abyss:4  | Found a corrupted altar of Lugonu.
 81402 | Depths:3 | Escaped the Abyss
 81568 | Depths:3 | Lost mutation: You possess an exceptional clarity of mind.
                  | [potion of mutation]
 81568 | Depths:3 | Lost mutation: You are frail. (-10% HP) [potion of
                  | mutation]
 81568 | Depths:3 | Gained mutation: Your body sometimes deteriorates upon
                  | taking damage. [potion of mutation]
 81568 | Depths:3 | Gained mutation: You have an increased reservoir of magic.
                  | (+10% MP) [potion of mutation]
 81605 | Depths:3 | Bought a fading ring mail for 387 gold pieces
 81605 | Depths:3 | Identified the +5 ring mail "Vauceco" {rPois} (You bought
                  | it in a shop on level 3 of the Depths)
 81605 | Depths:3 | Bought a slimy ring mail for 387 gold pieces
 81605 | Depths:3 | Identified the +0 ring mail of the Blue Moon {rPois rN+
                  | Will-} (You bought it in a shop on level 3 of the Depths)
 81642 | Depths:3 | Voluntarily entered the Abyss.
 81816 | Abyss:4  | Gained mutation: You are dopey. (Int -2) [a neqoxec]
 81848 | Abyss:4  | Gained mutation: You sometimes lose your temper in combat.
                  | [a neqoxec]
 81855 | Abyss:4  | Gained mutation: You are clumsy. (Dex -2) [a neqoxec]
 81872 | Depths:3 | Escaped the Abyss
 81907 | Depths:3 | Lost mutation: You are clumsy. (Dex -2) [potion of
                  | mutation]
 81907 | Depths:3 | Lost mutation: Your body sometimes deteriorates upon taking
                  | damage. [potion of mutation]
 81907 | Depths:3 | Gained mutation: Your body sometimes deteriorates upon
                  | taking damage. [potion of mutation]
 81907 | Depths:3 | Gained mutation: You are weak. (Str -2) [potion of
                  | mutation]
 81907 | Depths:3 | Gained mutation: You are strong-willed. (Will+) [potion of
                  | mutation]
 81908 | Depths:3 | Lost mutation: You are strong-willed. (Will+) [potion of
                  | mutation]
 81908 | Depths:3 | Lost mutation: You are dopey. (Int -2) [potion of mutation]
 81908 | Depths:3 | Lost mutation: You have an increased reservoir of magic.
                  | (+10% MP) [potion of mutation]
 81908 | Depths:3 | Gained mutation: Your system is resistant to poisons.
                  | (rPois) [potion of mutation]
 81908 | Depths:3 | Gained mutation: You passively dampen the noise of your
                  | surroundings. [potion of mutation]
 81910 | Depths:3 | Voluntarily entered the Abyss.
 82017 | Abyss:4  | Paralysed by accursed screaming for 1 turns
 82127 | Abyss:4  | Reached skill level 15 in Necromancy
 82298 | Depths:3 | Escaped the Abyss
 82300 | Depths:3 | Voluntarily entered the Abyss.
 82544 | Abyss:4  | Reached skill level 21 in Axes
 82622 | Abyss:4  | Gained mutation: You occasionally lose the ability to drink
                  | potions when taking damage. [a neqoxec]
 82624 | Depths:3 | Escaped the Abyss
 82826 | Depths:3 | Lost mutation: You occasionally lose the ability to drink
                  | potions when taking damage. [potion of mutation]
 82826 | Depths:3 | Lost mutation: You passively dampen the noise of your
                  | surroundings. [potion of mutation]
 82826 | Depths:3 | Lost mutation: Your body sometimes deteriorates upon taking
                  | damage. [potion of mutation]
 82826 | Depths:3 | Gained mutation: You passively map a small area around you.
                  | [potion of mutation]
 82826 | Depths:3 | Gained mutation: Your health recovers twice as slowly from
                  | being drained. [potion of mutation]
 82827 | Depths:3 | Lost mutation: You are weak. (Str -2) [potion of mutation]
 82827 | Depths:3 | Lost mutation: Your health recovers twice as slowly from
                  | being drained. [potion of mutation]
 82827 | Depths:3 | Lost mutation: You sometimes lose your temper in combat.
                  | [potion of mutation]
 82827 | Depths:3 | Gained mutation: You are covered in fur. (AC +1) [potion of
                  | mutation]
 82999 | Depths:3 | Voluntarily entered the Abyss.
 82999 | Abyss:4  | Found a candlelit altar of Ignis.
 83231 | Abyss:4  | Paralysed by accursed screaming for 1 turns
 83238 | Abyss:4  | Paralysed by accursed screaming for 1 turns
 83247 | Abyss:4  | Paralysed by accursed screaming for 1 turns
 83769 | Abyss:4  | Gained mutation: You are clumsy. (Dex -2) [a neqoxec]
 83776 | Depths:3 | Escaped the Abyss
 83876 | Pan      | Entered Pandemonium
 83886 | Pan      | HP: 11/223 [??? (9)]
 83891 | Pan      | HP: 13/339 [poisoned by a reaper]
 83896 | Pan      | HP: 6/339 [poisoned by a reaper]
 84274 | Pan      | Noticed Feixoa Yroa the pandemonium lord
 84286 | Pan      | Killed Feixoa Yroa the pandemonium lord
 84320 | Pan      | Got a demonic rune of Zot
 85132 | Pan      | Gained mutation: You occasionally lose the ability to read
                  | scrolls when taking damage. [a cacodemon]
 85133 | Pan      | Gained mutation: You are very clumsy. (Dex -4) [a
                  | cacodemon]
 85369 | Pan      | Noticed Buimaax the pandemonium lord
 85451 | Pan      | Killed from afar by a smoke demon

Illustrated notes

Levels and vault maps discovered:
D:1:      reono_arrival_mine, layout_loops_ring, serial_shops,
          nicolae_shop_real_fake_doors
D:2:      layout_basic, serial_shops, nicolae_shop_window_shopping,
          dilly_ecumenical_altar_fadedgnrine, minmay_misc_feat_square,
          kennysheep_generic_room_14, uniq_crazy_yiuf_cottage
D:3:      layout_loops_cross, elyvilon_altar_1, nicolae_ru_awakened_eye,
          grunt_qazlal_sundering, mainiacjoe_sewer_entry_somewhere_in_here_1,
          minmay_increasing_density
D:4:      layout_gridville
D:5:      minmay_diamond_boxcup, layout_rooms, grunt_temple_overflow_holy_war,
          minmay_temple_entry_mist, gammafunk_ghost_split, serial_shops, shop,
          uniq_eustachio
D:6:      layout_basic, nicolae_uskayaw_dance_studio, ebering_ghost_sewer_d
D:7:      layout_cave_pods, mainiacjoe_ossuary_entry_dusty_tomb,
          wad_rectangle_vault, uniq_duvessa
D:8:      layout_loops_cross, fedhas_ov_isle_minmay,
          mainiacjoe_overflow_boulevard, mainiacjoe_overflow_six_doors_small,
          cheibrodos_ashenzari_chains, serial_shops, kennysheep_little_box,
          minivault_21, serial_bayou_lake_a
D:9:      layout_roguey, slow_altar_1, nicolae_gozag_zags_fifth_avenue,
          nicolae_sif_muna_condensation
D:10:     layout_loops_ring, minmay_lair_entry_grove, orc_0_dummy, uniq_harold,
          uniq_maggie
D:11:     minmay_diamond_stairs, layout_gridville
D:12:     layout_basic, gauntlet_entry_generic, portal_ice_cave_entry_pillars_1
D:13:     layout_irregular_city, serial_shops, nicolae_shop_waterfront,
          uniq_rupert
D:14:     layout_cave_pools, ximxim_vaults_locker_room,
          nemelex_xobeh_ov_fountains_minmay, nicolae_guarded_unrand_lochaber
D:15:     gammafunk_enter_depths_forms, layout_gridville, serial_shops,
          nicolae_shop_tiny_real_fake_doors, hangedman_decor_push,
          serial_undead, serial_undead_f, serial_undead_b, serial_undead_c,
          serial_undead_f
Temple:   kb_temple_of_zot
Lair:1:   layout_roguey, fungi_pond_lemuel, eino_small_chamber_without_monster,
          chequers_serial_rivers_micro_b
Lair:2:   layout_cave_pods, nicolae_swamp_entry_splash_gauntlet,
          minmay_lair_oklob_items
Lair:3:   layout_loops_ring, nicolae_snake_entry_squirm,
          grunt_forest_large_clearing_hut, infiniplex_staircase_pool_2
Lair:4:   cheibrodos_lair_river_kwai, layout_cave_pods, minmay_lair_oklob_bushes
Lair:5:   minmay_lair_end_frog_pond, layout_regular_city,
          dpeg_slime_entry_corner, basic_altar
Swamp:1:  layout_basic_swamp, nicolae_swamp_oxbows, uniq_mlioglotl, uniq_aizul
Swamp:2:  nzn_winding_woodlands_cross [nzn_winding_woodlands_5x15_zeroes,
          nzn_winding_woodlands_5x15_river_crossing,
          nzn_winding_woodlands_5x15_sidewinder,
          nzn_winding_woodlands_5x15_twine,
          nzn_winding_woodlands_15x15_five_gardens], layout_basic_swamp,
          serial_swamp_ruin, evilmike_swamp_ruin_house_5,
          evilmike_swamp_ruin_house_6, nicolae_swamp_super_fun_site
Swamp:3:  layout_falls_marsh, infiniplex_staircase_pool, uniq_roxanne
Swamp:4:  swamp_icy, layout_basic_swamp, uniq_donald, uniq_bai_suzhen
Snake:1:  layout_basic, grunt_megastairs_1
Snake:2:  layout_misc_corridors, minmay_shop_star
Snake:3:  layout_rooms, serial_bayou_pond_b, grunt_megastairs_2,
          serial_bayou_shore_a, minmay_shop_grove
Snake:4:  snake_pit, layout_onion, nicolae_snake_double_loop, lemuel_fruit_tree
Orc:1:    nicolae_orc_accident_1, layout_caves
Orc:2:    st_orc_ogre_mass, layout_caves
Elf:1:    eino_elf_arrival_altar, layout_geoelf_octagon, minmay_elf_demonology
Elf:2:    nicolae_elf_blades_splatter_lattice
          [nicolae_blade_entry_hurt_lockers], layout_geoelf_grid, serial_shops,
          nicolae_shop_drivethru
Elf:3:    elf_hall, layout_rooms, serial_shops, shop,
          roderic_lattice_octagonal_star
Vaults:1: nicolae_vaults_shelves_hall, nicolae_vaults_diagonal_hallway_7,
          nicolae_vaults_ellipses_ellipsis, vaults_mumra_hexcomb,
          nicolae_vaults_network_square, hangedman_vaults_variations,
          nicolae_vaults_shipping_containers_5, v_misc_10,
          nicolae_vaults_trapezoid_lopsided_1, v_pattern_1,
          nicolae_vaults_tangram_2, nicolae_vaults_hallways_thing,
          layout_vaults_omnibox
Vaults:2: v_misc_1, v_misc_27, vaults_standard_mumra_x,
          nicolae_vaults_network_quincunx
          [nicolae_vaults_network_quincunx_subvault,
          nicolae_vaults_network_quincunx_subvault,
          nicolae_vaults_network_quincunx_subvault,
          nicolae_vaults_network_quincunx_subvault,
          nicolae_vaults_network_quincunx_subvault], nicolae_vaults_apartment_2,
          nicolae_vaults_prndl, nicolae_vaults_shrinking_rooms_2,
          nicolae_vaults_storing_the_good_stuff, v_misc_30,
          vaults_room_semicircle, nicolae_vaults_two_Ls,
          ontoclasm_vaults_decontamination, layout_vaults_big_cross
Vaults:3: minmay_crypt_entry_vampire_xt, nicolae_vaults_trapezoid_2,
          nicolae_vaults_trapezoid_lopsided_1, st_cells, v_misc_26,
          nicolae_vaults_yaktaur_gun_rack, v_rooms_4,
          nicolae_vaults_surprise_closet, layout_vaults_big_room,
          uniq_saint_roka
Vaults:4: nicolae_vaults_trapezoid_lopsided_4, nicolae_vaults_network_star,
          serial_library_hellmonk_semicircle, vaults_standard_mumra_lines,
          nicolae_vaults_lightning_bolt, v_misc_8, ontoclasm_vaults_ring_square,
          nicolae_vaults_swerve, nicolae_vaults_house_2,
          nicolae_vaults_trapezoid_lopsided_2, grunt_vaults_swirl, v_misc_9,
          nicolae_vaults_trapezoid_3, nicolae_vaults_trapezoid_3,
          nicolae_vaults_storage_closets_1, vaults_mumra_minichess_inversion,
          vaults_dpeg_ring, layout_vaults_ring, serial_shops, shop
Vaults:5
Crypt:1:  layout_catacombs, minmay_misc_feat_five
Crypt:2:  layout_basic, grunt_megastairs_3, uniq_sojobo, uniq_josephina
Crypt:3:  cryptofortress_bobbens, uniq_jory
Depths:1: layout_cave_shapes, enter_ziggurat_b, columned_hall_lemuel,
          hell_entry, enter_trove_3, rand_demon_pan_entry_7, serial_shops, shop,
          st_stairs_6, dk_noncrumbling_3, patterned_corridor
Depths:2: cheibrodos_tormentor_scu, layout_long_grid, rand_demon_pan_entry_9,
          hell_entry, serial_shops, statue_bzr,
          nicolae_hepliaklqana_hazy_memory, grunt_megastairs_4, uniq_asterion
Depths:3: evilmike_cross, layout_cave_pools, special_room [special_room_morgue],
          serial_shops, bzr_entry_islet, nicolae_shop_pleasant_corner_grove,
          nicolae_shop_rolling_square, nicolae_stop_n_shop_2,
          nicolae_shop_rolling_square, nicolae_twisting_strands, abyss_entry,
          hell_entry, kennysheep_generic_room_11, infiniplex_staircase_star
Depths:4: grunt_crosshair, layout_basic, hell_entry, minmay_evil_grid,
          uniq_frederick, uniq_mennas
Pan:      evilmike_mini_pan_doors, layout_small_grid, nicolae_pan_sigil_uleosi,
          grunt_pan_in_and_out, layout_rooms

Skill      XL: |  1  2  3  4  5  6  7  8  9 10 11 12 13 14 15 16 17 18 19 20 21 22 23 24 25 26 27 |
---------------+----------------------------------------------------------------------------------+-----
Maces & Flails | 3 4 5 6 7 |  7.4
Dodging        | 3 4 5 6 7 8 9 10 11 12 13 14 15 | 15.8
Armour         | 1 2 3 4 5 6 7 8 9 10 | 10.9
Stealth        | 1 2 3 4 5 6 7 8 9 10 | 10.2
Fighting       | 3 4 5 6 7 8 9 10 11 12 13 14 15 16 17 18 19 20 | 20.8
Axes           | 1 5 7 10 11 13 14 15 16 17 18 19 20 21 | 21.3
Throwing       | 2 |  2.0
Shields        | 1 2 3 4 6 8 10 11 12 13 14 15 16 17 18 20 | 20.1
Spellcasting   | 3 5 7 8 10 11 12 13 14 15 16 17 18 | 18.6
Evocations     | 1 |  1.1
Necromancy     | 5 6 8 10 12 13 14 16 | 16.1
Summonings     | 2 6 8 10 11 12 14 | 14.7
Alchemy        | 2 3 |  3.7
Ice Magic      | 7 10 | 10.2
Translocations | |  0.1

Action                     |  1- 3 |  4- 6 |  7- 9 | 10-12 | 13-15 | 16-18 | 19-21 | 22-24 | 25-27 || total
---------------------------+-------+-------+-------+-------+-------+-------+-------+-------+-------++-------
  Melee: Flail             |    58 |       |       |       |       |       |       |       |       ||    58
         Whip              |    46 |   147 |   140 |       |       |       |       |       |       ||   333
         Hand axe          |       |       |   182 |   758 |  1667 |   834 |       |       |       ||  3441
         War axe           |       |       |       |       |       |   869 |  1167 |       |       ||  2036
         Broad axe         |       |       |       |       |       |       |   386 |  1283 |  2312 ||  3981
         Unarmed           |       |       |       |       |       |       |     7 |       |       ||     7
         Eveningstar       |       |       |       |       |       |       |       |    22 |       ||    22
         Sacred scourge    |       |       |       |       |       |       |       |       |    61 ||    61
  Throw: Throwing net      |       |     1 |     1 |       |       |       |     1 |       |       ||     3
   Cast: Fugue of the Fall |       |       |       |       |       |       |    23 |    22 |     1 ||    46
         Death Channel     |       |       |       |       |       |       |    30 |    24 |       ||    54
         Blink             |       |       |       |       |       |       |       |     2 |       ||     2
         Haunt             |       |       |       |       |       |       |       |    82 |    42 ||   124
         Rimeblight        |       |       |       |       |       |       |       |     4 |     9 ||    13
 Invoke: Call Merchant     |       |       |       |       |       |     6 |       |     2 |     4 ||    12
         Potion Petition   |       |       |       |       |       |       |       |     1 |     6 ||     7
  Evoke: Wand              |       |       |       |     3 |     5 |     5 |     1 |     5 |       ||    19
         Phantom mirror    |       |       |       |       |       |     1 |       |       |       ||     1
    Use: Potion            |       |     2 |       |       |       |     9 |     4 |     3 |     8 ||    26
         Scroll            |       |       |       |     5 |    13 |    21 |    11 |    17 |    11 ||    78
   Stab: Sleeping          |     3 |     1 |    12 |    11 |    16 |    11 |    20 |     9 |     1 ||    84
         Held in net/web   |       |     1 |       |       |       |       |       |       |       ||     1
         Distracted        |       |       |       |     2 |    10 |    13 |    31 |    29 |    90 ||   175
 Armour: Leather armour    |    58 |    53 |   123 |   172 |       |       |       |       |       ||   406
         Ring mail         |       |       |       |   122 |   469 |   275 |   625 |   908 |   845 ||  3244
         Scale mail        |       |       |       |       |    48 |   496 |    60 |       |       ||   604
         Skin              |       |       |       |       |       |       |     2 |       |       ||     2
  Dodge: Dodged            |    79 |    84 |   273 |   500 |   701 |   598 |   560 |   634 |   863 ||  4292
  Block: Other             |       |       |       |    81 |    22 |       |       |       |       ||   103
         Buckler           |       |       |       |       |   310 |       |       |       |       ||   310
         Kite shield       |       |       |       |       |   306 |  1093 |  1250 |  1397 |  2346 ||  6392
         Reflection        |       |       |       |       |       |    20 |   148 |    57 |     3 ||   228

Table legend: (Time is in decaauts)
 A = Elapsed time spent in this place.
 B = Non-inter-level travel time spent in this place.
 C = Inter-level travel time spent in this place.
 D = Time resting spent in this place.
 E = Time spent auto-exploring this place.
 F = Levels seen in this place.
 G = Mean time per level.
                   A        B        C        D        E       F      G
               +--------+--------+--------+--------+--------+-----+--------+
         Total |  84958 |  78964 |   5994 |  15033 |  33252 |  80 | 1062.0 |
       Dungeon |  18492 |  15866 |   2626 |   1030 |   9751 |  15 | 1232.8 |
        Temple |      1 |      1 |      0 |      0 |      0 |   1 |    1.0 |
          Lair |   7989 |   7324 |    665 |    532 |   4594 |   5 | 1597.8 |
         Swamp |   7217 |   6820 |    397 |   1776 |   2882 |   4 | 1804.2 |
     Snake Pit |   4365 |   4217 |    148 |    228 |   2228 |   4 | 1091.2 |
  Orcish Mines |   2410 |   2073 |    337 |    271 |   1243 |   2 | 1205.0 |
   Elven Halls |   4734 |   4481 |    253 |    813 |   1365 |   3 | 1578.0 |
        Vaults |  10529 |   9873 |    656 |   2312 |   3773 |   5 | 2105.8 |
         Crypt |   4760 |   4583 |    177 |    564 |   2266 |   3 | 1586.7 |
        Depths |  12607 |  11875 |    732 |   6185 |   2309 |   4 | 3151.8 |
         Abyss |   7731 |   7731 |      0 |    333 |   1655 |  26 |  297.3 |
   Pandemonium |   1564 |   1564 |      0 |    253 |    367 |   2 |  782.0 |
        Bazaar |    388 |    388 |      0 |      0 |    328 |   2 |  194.0 |
         Trove |     59 |     59 |      0 |      0 |      5 |   1 |   59.0 |
       Ossuary |    149 |    149 |      0 |      0 |     61 |   1 |  149.0 |
      Ice Cave |   1603 |   1603 |      0 |    735 |    390 |   1 | 1603.0 |
      Gauntlet |    352 |    352 |      0 |      0 |     32 |   1 |  352.0 |
               +--------+--------+--------+--------+--------+-----+--------+

Top non-repeatable levels by time:
Depths:3: 8031 daAuts
Vaults:4: 4050 daAuts
 Abyss:3: 3245 daAuts
 Abyss:4: 2697 daAuts
 Swamp:2: 2501 daAuts
   Elf:3: 2279 daAuts
 Crypt:3: 2119 daAuts
Vaults:5: 2115 daAuts
Depths:2: 1904 daAuts
  Lair:2: 1900 daAuts
 Swamp:4: 1884 daAuts
    D:15: 1864 daAuts
  Lair:5: 1800 daAuts
 Crypt:2: 1787 daAuts
  Lair:4: 1745 daAuts
